 Dungeon Crawl Stone Soup version 0.21-a0-633-g4c047d5 (webtiles) character file.

8337 Lanoc the Cleaver (level 11, -5/106 HPs)
             Began as a Minotaur Chaos Knight on Dec 28, 2017.
             Was a Priest of Yredelemnul.
             Slain by an alligator (15 damage)
             ... on level 12 of the Dungeon on Dec 29, 2017.
             The game lasted 00:45:42 (11574 turns).

Lanoc the Cleaver (Minotaur Chaos Knight)          Turns: 11574, Time: 00:45:44

Health: -5/106     AC: 10    Str: 16 (17) XL:     11   Next: 8%
Magic:  14/14      EV: 15    Int:  9      God:    Yredelemnul [***...]
Gold:   728        SH:  0    Dex:  9 (11) Spells: 10/10 levels left

rFire    . . .     SeeInvis .   a - +1 hand axe (chaos)
rCold    . . .     Gourm    .   (no shield)
rNeg     . . .     Faith    .   K - +0 troll leather armour
rPois    .         Spirit   .   (helmet restricted)
rElec    .         Reflect  .   (no cloak)
rCorr    +         Harm     .   (no gloves)
MR       .....                  A - +0 pair of boots {Stlth+}
Stlth    +++.......             (no amulet)
HPRegen  0.67/turn              f - ring of resist corrosion
MPRegen  0.14/turn              d - ring of stealth

@: no status effects
A: retaliatory headbutt, horns 2, yellow scales 1, blurry vision 1, clumsy 1,
deterioration 1, mutation resistance 1, robust 1, shaggy fur 1, subdued magic 1
a: Recall Undead Slaves, Injury Mirror, Animate Dead, Renounce Religion


You were on level 12 of the Dungeon.
You worshipped Yredelemnul.
Yredelemnul was most pleased with you.
You were hungry.

You visited 2 branches of the dungeon, and saw 13 of its levels.

You collected 728 gold pieces.

Inventory:

Hand Weapons
 a - a +1 hand axe of chaos (weapon)
Missiles
 l - 7 poisoned javelins (quivered)
 m - 43 sling bullets
 s - 106 arrows
 u - 57 bolts
Armour
 A - a +0 pair of boots of stealth (worn)
 K - a +0 troll leather armour (worn)
Magical Staves
 t - an uncursed staff of death
 G - an uncursed staff of power
 J - an uncursed staff of energy
Jewellery
 d - a ring of stealth (right hand)
 f - a ring of resist corrosion (left hand)
Wands
 y - a wand of paralysis (10)
 B - a wand of polymorph (10)
 C - a wand of digging (18)
 F - a wand of iceblast (16)
 I - a wand of scattershot (4)
 L - a wand of enslavement (21)
Scrolls
 g - 4 scrolls of remove curse
 i - 5 scrolls of teleportation
 k - 3 scrolls of identify
 n - 4 scrolls of fog
 p - a scroll of blinking
 r - 2 scrolls of amnesia
 w - a scroll of immolation
 z - 2 scrolls of enchant weapon
Potions
 e - 3 potions of curing
 h - 2 potions of lignification
 j - a potion of flight
 o - 2 potions of resistance
 q - 2 potions of cancellation
 v - a potion of brilliance
 E - 2 potions of magic
Books
 D - a book of Air

   Spells                             Type                      Level
   a - Shock                          Conjuration/Air              1
   b - Swiftness                      Charms/Air                   2
   c - Static Discharge               Conjuration/Air              3
   d - Airstrike                      Air                          4
   e - Lightning Bolt                 Conjuration/Air              5
Comestibles
 c - 23 rations
 x - 6 chunks of flesh


   Skills:
 + Level 9.3 Fighting
 * Level 12.5 Axes
 + Level 9.0 Armour
 + Level 7.9 Dodging
 + Level 5.9 Invocations


You had 10 spell levels left.
You didn't know any spells.

Dungeon Overview and Level Annotations

Branches:
Dungeon (12/15)            Temple (1/1) D:5            Lair (0/6) D:10
    Orc (0/2) D:10

Altars:
Ashenzari
Cheibriados
Dithmenos
Elyvilon
Fedhas
Gozag
Hepliaklqana
Kikubaaqudgha
Makhleb
Nemelex Xobeh
Okawaru
Qazlal
Ru
Sif Muna
Trog
Uskayaw
Vehumet
Wu Jian
Xom
Yredelemnul
Zin
The Shining One

Shops:
D:10 [

Annotations:
D:6 Lanoc's ghost, novice DDFi


Innate Abilities, Weirdness & Mutations

You reflexively headbutt those who attack you in melee.
You have a pair of horns on your head.
You are partially covered in yellow scales. (AC +2)
Scrolls take you a little longer to read.
You are clumsy. (Dex -2)
Your body sometimes deteriorates upon taking damage.
You are somewhat resistant to further mutation.
You are robust. (+10% HP)
You are covered in fur. (AC +1)
Your spells are a little easier to cast, but a little less powerful.


Message History

You feel much better. The slime creature hits you.
* * * LOW HITPOINT WARNING * * *
The alligator bites you.
* * * LOW HITPOINT WARNING * * *
The alligator tail-slaps you.
* * * LOW HITPOINT WARNING * * *
Unknown command.
You hit the slime creature. You headbutt the slime creature.
You kill the slime creature!
Yredelemnul accepts your kill.
You closely miss the alligator.
You kill the slime creature!
Yredelemnul accepts your kill. The alligator misses you.
The alligator tail-slaps you!
* * * LOW HITPOINT WARNING * * *
The alligator bites you.
* * * LOW HITPOINT WARNING * * *
The alligator tail-slaps you!
You die...
Your body rises from the dead as a mindless zombie.

#...#
#....#...#
#....#...#
#....#...#
#....#...#
#....#...#
#....#...#
+....+.@.+
#....#.t.######
###...........#
#.#########.#
#.#.......#.#
#.#.#####.#.#
#.#(#....<#.#
#.#.#.###.#.#
#.#.#.....#.#


You could see an alligator (berserk).

Vanquished Creatures
  A death yak (D:10)
  A two-headed ogre (D:10)
  A merfolk (D:10)
  A troll (D:10)
  The ghost of Soeti the Sneak, an amateur OpMo (D:4)
  3 slime creatures (D:12)
  4 hippogriffs
  A wind drake (D:10)
  A wraith (D:10)
  A shadow (D:11)
  Grum (D:9)
  A porcupine (D:10)
  An orc warrior (D:7)
  A water moccasin (D:8)
  4 sky beasts
  3 black bears
  2 ice beasts
  An eye of draining (D:10)
  6 ogres
  2 wolves (D:9)
  2 centaurs
  2 bullfrogs (D:6)
  6 scorpions
  9 killer bees
  2 howler monkeys
  A crimson imp (D:7)
  A bullfrog zombie (D:8)
  A bullfrog skeleton (D:7)
  4 orc priests
  6 hounds
  3 orc wizards (D:4)
  Jessica (D:2)
  3 iguanas
  A hell rat (D:10)
  3 worker ants
  A hound skeleton (D:6)
  Robin (D:3)
  7 gnolls
  A river rat (shapeshifter) (D:7)
  A river rat (D:10)
  8 adders
  2 shadow imps
  4 oozes
  3 adder skeletons
  An adder zombie (D:8)
  4 worms
  A dart slug (D:3)
  9 leopard geckos
  33 orcs
  8 bats
  9 giant cockroaches
  13 goblins
  4 hobgoblins
  23 jackals
  3 quokkas
  A ball python (shapeshifter) (D:3)
  6 frilled lizards
  A jackal skeleton (D:7)
  9 kobolds
  A leopard gecko skeleton (D:5)
  A quokka zombie (D:9)
  5 rats
  A bush (D:3)
243 creatures vanquished.

Vanquished Creatures (collateral kills)
  Grinder (D:3)
  A porcupine (D:10)
  An ogre (D:5)
  A sky beast (D:10)
  A phantom (D:10)
  A wyvern zombie (D:10)
  A crimson imp (D:8)
  A quasit (D:9)
  A centaur zombie (D:9)
  An iguana (D:9)
  A leopard gecko (D:4)
11 creatures vanquished.

Vanquished Creatures (others)
  A hippogriff (D:8)
  An orc priest (D:3)
  3 killer bee zombies (D:10)
  A sky beast zombie (D:10)
  A ball lightning (D:6)
  4 orc zombies
  A bush (D:3)
12 creatures vanquished.

Grand Total: 266 creatures vanquished

Notes
Turn   | Place    | Note
-------+----------+-------------------------------------------
     0 | D:1      | Lanoc the Minotaur Chaos Knight began the quest for the Orb.
     0 | D:1      | Reached XP level 1. HP: 19/19 MP: 0/0
    72 | D:1      | XOM: potion effect (invisibility)
   119 | D:1      | XOM: cast spell 'Dispersal'
   145 | D:1      | Reached XP level 2. HP: 25/27 MP: 1/1
   148 | D:1      | Reached skill level 4 in Axes
   711 | D:1      | XOM: divination: magic mapping
   775 | D:2      | Reached XP level 3. HP: 31/33 MP: 2/2
   810 | D:2      | Found a snail-covered altar of Cheibriados.
   866 | D:2      | Noticed Jessica
   873 | D:2      | Killed Jessica
   873 | D:2      | Reached XP level 4. HP: 24/40 MP: 3/3
   933 | D:2      | XOM: 6-stop teleportation journey
  1059 | D:2      | Reached skill level 5 in Axes
  1141 | D:2      | XOM: god gift: robe {god gift}
  1312 | D:2      | XOM: mild Tloc miscast
  1381 | D:3      | Reached XP level 5. HP: 47/47 MP: 4/4
  1441 | D:3      | XOM: god gift: ration
  1663 | D:3      | Noticed Grinder
  1668 | D:3      | Killed Grinder
  1668 | D:3      | Reached XP level 6. HP: 55/55 MP: 5/5
  1895 | D:3      | XOM: polymorph goblin -> kobold
  1897 | D:3      | Noticed Robin
  1903 | D:3      | Killed Robin
  2080 | D:3      | Found a blossoming altar of Fedhas.
  2185 | D:4      | Reached skill level 6 in Axes
  2191 | D:4      | Reached skill level 5 in Fighting
  2597 | D:4      | XOM: mild Tloc miscast
  2602 | D:4      | XOM: summons friendly shadow imp
  2739 | D:4      | Found a basalt altar of Yredelemnul.
  2746 | D:4      | Reached XP level 7. HP: 61/61 MP: 6/6
  2786 | D:4      | Fell from the grace of Xom
  2786 | D:4      | Became a worshipper of Yredelemnul the Dark
  2940 | D:4      | Found a sparkling altar of Nemelex Xobeh.
  2940 | D:4      | Noticed Soeti's ghost (amateur OpMo)
  2956 | D:4      | Killed Soeti's ghost
  2956 | D:4      | Reached skill level 7 in Axes
  2956 | D:4      | Reached skill level 5 in Armour
  2965 | D:4      | XOM: medium Pois miscast
  3075 | D:4      | XOM: give mutation
  3075 | D:4      | Gained mutation: You have large cloven feet. [Xom's mischief]
  3247 | D:5      | Entered Level 5 of the Dungeon
  3342 | D:5      | Found a staircase to the Ecumenical Temple.
  3349 | Temple   | Entered the Ecumenical Temple
  3597 | D:5      | XOM: give mutations
  3597 | D:5      | Gained mutation: You are covered in fur. (AC +1) [Xom's mischief]
  3597 | D:5      | Gained mutation: You are weak. (Str -2) [Xom's mischief]
  3657 | D:5      | Reached skill level 1 in Invocations
  3657 | D:5      | Reached XP level 8. HP: 25/70 MP: 7/7
  3854 | D:5      | Reached skill level 8 in Axes
  4181 | D:5      | XOM: give mutations
  4181 | D:5      | Gained mutation: You are clumsy. (Dex -2) [Xom's mischief]
  4181 | D:5      | Gained mutation: Scrolls take you a little longer to read. [Xom's mischief]
  4747 | D:6      | Noticed Lanoc's ghost (novice DDFi)
  5202 | D:6      | XOM: severe Air miscast
  5398 | D:6      | XOM: give mutations
  5398 | D:6      | Gained mutation: You are partially covered in yellow scales. (AC +2) [Xom's grace]
  5398 | D:6      | Lost mutation: You are weak. (Str -2) [Xom's grace]
  5398 | D:6      | Gained mutation: You are somewhat resistant to further mutation. [Xom's grace]
  5398 | D:6      | Gained mutation: You are robust. (+10% HP) [Xom's grace]
  5468 | D:6      | Reached skill level 5 in Dodging
  5550 | D:7      | Reached * piety under Yredelemnul
  5577 | D:7      | Reached skill level 9 in Axes
  5610 | D:7      | XOM: noise
  5629 | D:7      | Noticed a hippogriff
  5650 | D:7      | HP: 3/78 [hippogriff (4)]
  5671 | D:7      | Killed a hippogriff
  5671 | D:7      | Reached XP level 9. HP: 8/86 MP: 10/10
  5706 | D:7      | XOM: mild Conj miscast
  6076 | D:7      | Found a radiant altar of Vehumet.
  6076 | D:7      | Found a sacrificial altar of Ru.
  6244 | D:7      | XOM: noise
  6255 | D:7      | XOM: scenery: create altars
  6338 | D:7      | XOM: enchant monster (bad)
  7165 | D:7      | Reached skill level 10 in Axes
  7377 | D:8      | Found a hazy altar of Hepliaklqana.
  7416 | D:8      | XOM: medium Fire miscast
  7755 | D:8      | Reached ** piety under Yredelemnul
  7990 | D:9      | XOM: noise
  7990 | D:9      | Found a hide-covered altar of Uskayaw.
  7990 | D:9      | Noticed a hand axe
  7990 | D:9      | Noticed a hand axe
  8099 | D:9      | XOM: give mutations
  8099 | D:9      | Gained mutation: Your spells are a little easier to cast, but a little less powerful. [Xom's mischief]
  8099 | D:9      | Gained mutation: Your body sometimes deteriorates upon taking damage. [Xom's mischief]
  8391 | D:9      | Noticed Grum
  8399 | D:9      | Killed Grum
  8399 | D:9      | Reached XP level 10. HP: 74/96 MP: 12/12
  8572 | D:9      | Reached skill level 11 in Axes
  8633 | D:10     | Entered Level 10 of the Dungeon
  9017 | D:10     | XOM: medium Pois miscast
  9100 | D:10     | Found Perydusm's Armour Emporium.
  9222 | D:10     | Found a staircase to the Orcish Mines.
  9262 | D:10     | Noticed a death yak
  9263 | D:10     | Reached skill level 5 in Invocations
  9265 | D:10     | Noticed a death yak
  9270 | D:10     | Noticed a death yak
  9549 | D:9      | Identified a scroll of acquirement
  9655 | D:10     | Found a staircase to the Lair.
  9658 | D:10     | XOM: give mutation
  9658 | D:10     | Lost mutation: You have large cloven feet. [Xom's mischief]
  9737 | D:10     | Reached *** piety under Yredelemnul
 10050 | D:10     | Noticed a two-headed ogre
 10165 | D:10     | Noticed an emperor scorpion
 10165 | D:10     | a death yak changed into an emperor scorpion
 10166 | D:10     | Killed a death yak
 10166 | D:10     | Reached skill level 12 in Axes
 10208 | D:11     | XOM: medium Fire miscast
 10344 | D:11     | XOM: medium Conj miscast
 11373 | D:10     | Killed a two-headed ogre
 11373 | D:10     | Reached XP level 11. HP: 73/106 MP: 14/14
 11567 | D:12     | Noticed an alligator
 11567 | D:12     | a slime creature changed into an alligator
 11574 | D:12     | Slain by an alligator

Vault maps used:
D:1:      dpeg_arrival_line_fractal, minmay_parallelograms
D:2:      first_ration, cheibriados_altar_1, uniq_jessica
D:3:      fedhas_altar_2, minmay_hedge_maze, hangedman_decor_growths,
          grunt_ministairs_15, uniq_robin, uniq_grinder
D:4:      yredelemnul_altar_generic, nemelex_altar_shiori, minmay_goblin_outpost
D:5:      temple_doors_ab
D:6:      roderic_roman_lattice
D:7:      gammafunk_temple_overflow_wave
D:8:      lemuel_doored_altar
D:9:      dancing_weapons_uskayaw, uniq_grum
D:10:     dpeg_lair_monsters, orc_0_dummy, serial_shops, shop,
          hangedman_fish_farm
D:12:     evilmike_butchery, uniq_azrael
Temple:   eino_wide_crystal_templ

Skill      XL: |  1  2  3  4  5  6  7  8  9 10 11 |
---------------+----------------------------------+-----
Axes           | 4 5 6 7 9 10 12 | 12.5
Fighting       | 4 5 6 7 8 9 |  9.3
Armour         | 3 4 5 6 7 8 9 |  9.0
Dodging        | 2 3 4 5 6 7 |  7.9
Invocations    | 1 3 4 5 |  5.9

Action                   |  1- 3 |  4- 6 |  7- 9 | 10-12 || total
-------------------------+-------+-------+-------+-------++-------
Melee: Hand axe          |    67 |   203 |   358 |   236 ||   864
       Headbutt          |     7 |    42 |    64 |    47 ||   160
       Kick              |       |       |    93 |    27 ||   120
Invok: Animate Remains   |       |       |     9 |     7 ||    16
       Recall Undead Sla |       |       |     1 |     1 ||     2
       Animate Dead      |       |       |       |     1 ||     1
  Use: Scroll            |       |       |    25 |     5 ||    30
       Potion            |       |       |     1 |     8 ||     9
 Stab: Invisible         |     1 |       |       |     2 ||     3
       Sleeping          |       |     1 |       |     3 ||     4
       Paralysed         |       |     2 |     6 |     3 ||    11
       Distracted        |       |       |     1 |     1 ||     2
  Eat: Chunk             |       |     6 |    17 |     9 ||    32
       Ration            |       |       |     1 |     1 ||     2
Armor: Leather armour    |    20 |    16 |    58 |    44 ||   138
       Plate armour      |       |    54 |   105 |       ||   159
       Troll leather arm |       |       |       |    15 ||    15
Dodge: Dodged            |    43 |    75 |   130 |   142 ||   390

Table legend:
 A = Spawn XP
 B = Non-spawn XP
 C = Spawn XP percentage of total XP
 D = Spawn monster count
 E = Non-spawn monster count
 F = Spawn count percentage of total count
 G = Total turns spent on level
                    A         B        C        D         E        F      G
               +---------+---------+-------+---------+---------+-------+---------
         Total |       0 |   11911 |   0.0 |       0 |     255 |   0.0 | 11574
               +---------+---------+-------+---------+---------+-------+---------
           D:1 |       0 |      31 |   0.0 |       0 |      19 |   0.0 |   768
           D:2 |       0 |     127 |   0.0 |       0 |      28 |   0.0 |   589
           D:3 |       0 |     268 |   0.0 |       0 |      35 |   0.0 |   818
           D:4 |       0 |     621 |   0.0 |       0 |      33 |   0.0 |  1072
           D:5 |       0 |     660 |   0.0 |       0 |      16 |   0.0 |  1332
           D:6 |       0 |     540 |   0.0 |       0 |      10 |   0.0 |   856
           D:7 |       0 |    1525 |   0.0 |       0 |      31 |   0.0 |  1746
           D:8 |       0 |     992 |   0.0 |       0 |      19 |   0.0 |   739
           D:9 |       0 |    1110 |   0.0 |       0 |      23 |   0.0 |   894
          D:10 |       0 |    4435 |   0.0 |       0 |      31 |   0.0 |  1526
          D:11 |       0 |     726 |   0.0 |       0 |       5 |   0.0 |  1090
          D:12 |       0 |     876 |   0.0 |       0 |       5 |   0.0 |    74
               +---------+---------+-------+---------+---------+-------+---------
